General information
- name: BNet
- type: Ladder team game (AT/RT)
- host: Battle.net
- saver: TheJollyBeggar
map: Deadlock
- players: 8
- length: 40:15
- speed: Fast
- version: 1.26 W3XP
- replay type: Public
» download(242 KB)
Players
team 1 (winner)

»
AUDUSD (
green | 56 APM | 2262 actions | 40:15)
6 Priestess of the Moon
2 Trueshot Aura
3 Searing Arrows
1 Starfall
2 Tauren Chieftain
1 Shockwave
1 Reincarnation
» actions
| Assign group hotkey | 48 | |
| Basic commands | 90 | |
| Build / train | 60 | |
| ESC pressed | 17 | |
| Enter build submenu | 19 | |
| Enter hero's abilities submenu | 8 | |
| Right click | 647 | |
| Select / deselect | 390 | |
| Select group hotkey | 881 | |
| Use ability | 101 | |
2262 total
» units
| Wisp | 14 | |
| Archer | 15 | |
| Troll Batrider | 3 | |
32 total
» upgrades
| Improved Bows | 1 | |
| Moon Armor | 1 | |
| Armor | 1 | |
3 total
» buildings
| Moon Well | 6 | |
| Altar of Elders | 1 | |
| Ancient of War | 2 | |
| Tree of Ages | 2 | |
| Hunter's Hall | 1 | |
| Tree of Life | 3 | |
| Orc Burrow | 5 | |
| Stronghold | 2 | |
22 total
» build order
00:20 Moon Well
01:01 Altar of Elders
01:09 Ancient of War
01:33 Ancient of War
01:58 Moon Well
02:15 Moon Well
03:11 Moon Well
03:52 Tree of Ages
03:52 Tree of Ages
04:52 Hunter's Hall
07:48 Moon Well
08:53 Tree of Life
09:34 Moon Well
15:50 Tree of Life
24:28 Orc Burrow
24:29 Orc Burrow
24:29 Orc Burrow
24:30 Orc Burrow
30:16 Tree of Life
30:33 Stronghold
30:33 Stronghold
30:35 Orc Burrow
» items
| Periapt of Vitality | 1 | |
| Scroll of Town Portal | 3 | |
| Scroll of Healing | 1 | |
| Healing Salve | 1 | |
| Potion of Invisibility | 1 | |
7 total

»
SmackItLikeDiss (
blue | 43 APM | 868 actions | 20:06)
4 Tauren Chieftain
2 Shockwave
2 Endurance Aura
» actions
| Build / train | 60 | |
| ESC pressed | 1 | |
| Enter build submenu | 28 | |
| Enter hero's abilities submenu | 4 | |
| Right click | 438 | |
| Select / deselect | 274 | |
| Use ability | 63 | |
868 total
» units
| Peon | 18 | |
| Grunt | 7 | |
| Troll Batrider | 7 | |
| Wind Rider | 8 | |
40 total
» upgrades
| Ranged Weapons | 3 | |
| Armor | 1 | |
| Spiked Barricades | 1 | |
| Envenomed Spears | 1 | |
6 total
» buildings
| Orc Burrow | 14 | |
| Altar of Storms | 1 | |
| Barracks | 1 | |
| Voodoo Lounge | 2 | |
| Great Hall | 4 | |
| Stronghold | 1 | |
| Beastiary | 2 | |
| War Mill | 1 | |
| Watch Tower | 3 | |
| Fortress | 1 | |
30 total
» build order
00:11 Orc Burrow
00:14 Altar of Storms
01:11 Barracks
01:29 Orc Burrow
02:00 Voodoo Lounge
04:34 Great Hall
04:43 Great Hall
04:51 Great Hall
05:14 Stronghold
05:19 Orc Burrow
07:01 Orc Burrow
07:20 Voodoo Lounge
07:32 Great Hall
07:53 Beastiary
08:25 War Mill
08:46 Beastiary
08:56 Orc Burrow
09:56 Orc Burrow
10:29 Watch Tower
10:35 Watch Tower
10:48 Watch Tower
12:04 Orc Burrow
12:33 Orc Burrow
14:26 Orc Burrow
14:40 Orc Burrow
14:42 Orc Burrow
16:22 Orc Burrow
16:26 Fortress
17:30 Orc Burrow
18:28 Orc Burrow
» items
| Lesser Clarity Potion | 1 | |
| Healing Salve | 1 | |
| Potion of Mana | 1 | |
| Scroll of Town Portal | 1 | |
4 total
TURNCOAT (
red | 38 APM | 1544 actions | 40:15)
10 Archmage
3 Summon Water Elemental
3 Brilliance Aura
1 Mass Teleport
3 Blizzard
» actions
| Assign group hotkey | 74 | |
| Basic commands | 98 | |
| Build / train | 78 | |
| Enter build submenu | 19 | |
| Enter hero's abilities submenu | 9 | |
| Give item / drop item | 6 | |
| Remove unit from queue | 1 | |
| Right click | 640 | |
| Select / deselect | 292 | |
| Select group hotkey | 158 | |
| Use ability | 169 | |
1544 total
» units
| Peasant | 13 | |
| Footman | 5 | |
| Gryphon Rider | 9 | |
| Dragonhawk Rider | 3 | |
30 total
» upgrades
| Lumber Harvesting | 2 | |
| Storm Hammers | 1 | |
| Swords | 3 | |
| Armor | 3 | |
| Animal War Training | 1 | |
| Masonry | 2 | |
| Cloud | 1 | |
13 total
» buildings
| Altar of Kings | 2 | |
| Barracks | 2 | |
| Farm | 6 | |
| Arcane Vault | 1 | |
| Keep | 1 | |
| Town Hall | 1 | |
| Lumber Mill | 1 | |
| Castle | 1 | |
| Gryphon Aviary | 4 | |
| Blacksmith | 2 | |
| Stronghold | | |
21 total
» build order
00:36 Altar of Kings
00:37 Barracks
00:50 Altar of Kings
00:52 Barracks
00:55 Farm
00:59 Farm
01:05 Farm
01:07 Farm
01:39 Farm
03:03 Arcane Vault
03:56 Keep
04:10 Town Hall
04:46 Lumber Mill
06:59 Castle
07:39 Gryphon Aviary
07:40 Gryphon Aviary
07:40 Gryphon Aviary
07:41 Gryphon Aviary
08:09 Blacksmith
08:11 Blacksmith
08:37 Farm
» items
| Scroll of Regeneration | 6 | |
| Potion of Healing | 4 | |
| Scroll of Town Portal | 4 | |
| Periapt of Vitality | 1 | |
| Staff of Teleportation | 1 | |
| Potion of Lesser Invulnerability | 2 | |
| Mechanical Critter | 2 | |
| Staff of Sanctuary | 1 | |
| Dust of Appearance | 1 | |
22 total
BRADY-OWNS-luck (
purple | 47 APM | 1874 actions | 40:15)
4 Pit Lord
2 Rain of Fire
2 Cleaving Attack
» actions
| Assign group hotkey | 55 | |
| Basic commands | 74 | |
| Build / train | 58 | |
| Enter build submenu | 20 | |
| Enter hero's abilities submenu | 4 | |
| Give item / drop item | 3 | |
| Right click | 740 | |
| Select / deselect | 223 | |
| Select group hotkey | 580 | |
| Use ability | 117 | |
1874 total
» units
| Peon | 12 | |
| Troll Batrider | 14 | |
| Wind Rider | 5 | |
| Kodo Beast | 6 | |
37 total
» upgrades
| Reinforced Defenses | 1 | |
| Liquid Fire | 1 | |
| Ranged Weapons | 2 | |
| Armor | 2 | |
| Envenomed Spears | 1 | |
7 total
» buildings
| Altar of Storms | 1 | |
| Orc Burrow | 5 | |
| War Mill | 1 | |
| Voodoo Lounge | 1 | |
| Watch Tower | 21 | |
| Stronghold | 2 | |
| Beastiary | 3 | |
| Fortress | 1 | |
| Great Hall | 1 | |
36 total
» build order
00:10 Altar of Storms
00:23 Orc Burrow
00:51 War Mill
01:26 Orc Burrow
01:47 Voodoo Lounge
02:20 Watch Tower
02:38 Watch Tower
02:56 Watch Tower
03:18 Watch Tower
04:18 Stronghold
04:19 Stronghold
04:24 Orc Burrow
05:25 Orc Burrow
05:26 Orc Burrow
05:59 Watch Tower
06:00 Watch Tower
06:00 Watch Tower
06:01 Watch Tower
06:01 Watch Tower
06:02 Watch Tower
06:49 Beastiary
06:53 Fortress
07:08 Beastiary
07:51 Beastiary
13:23 Great Hall
13:39 Watch Tower
13:39 Watch Tower
13:40 Watch Tower
13:40 Watch Tower
13:41 Watch Tower
13:41 Watch Tower
27:21 Watch Tower
27:22 Watch Tower
27:25 Watch Tower
27:25 Watch Tower
28:20 Watch Tower
» items
| Staff of Teleportation | 1 | |
| Boots of Speed | 1 | |
| Lesser Clarity Potion | 1 | |
| Healing Salve | 1 | |
| Orb of Lightning | 1 | |
| Tiny Great Hall | 1 | |
6 total
team 2 (loser)
6GOD (
pink | 48 APM | 1949 actions | 40:15)
3 Tauren Chieftain
2 War Stomp
1 Endurance Aura
» actions
| Assign group hotkey | 2 | |
| Basic commands | 49 | |
| Build / train | 33 | |
| ESC pressed | 1 | |
| Enter build submenu | 26 | |
| Enter hero's abilities submenu | 3 | |
| Right click | 1196 | |
| Select / deselect | 573 | |
| Select group hotkey | 21 | |
| Use ability | 45 | |
1949 total
» units
| Peon | 9 | |
| Troll Headhunter/Berserker | 6 | |
| Wind Rider | 4 | |
19 total
» upgrades
| Ranged Weapons | 2 | |
| Envenomed Spears | 1 | |
3 total
» buildings
| Altar of Storms | 1 | |
| Orc Burrow | 7 | |
| Barracks | 3 | |
| War Mill | 1 | |
| Voodoo Lounge | 1 | |
| Stronghold | 1 | |
| Watch Tower | 6 | |
| Beastiary | 2 | |
| Fortress | 1 | |
| Great Hall | 2 | |
25 total
» build order
00:12 Altar of Storms
00:16 Orc Burrow
01:14 Barracks
01:16 Barracks
01:19 Barracks
01:25 War Mill
01:40 Orc Burrow
01:58 Voodoo Lounge
02:16 Orc Burrow
03:38 Stronghold
04:03 Orc Burrow
04:25 Watch Tower
04:27 Watch Tower
04:27 Watch Tower
05:36 Watch Tower
05:37 Watch Tower
05:38 Watch Tower
05:41 Orc Burrow
06:38 Beastiary
06:39 Beastiary
06:41 Orc Burrow
06:52 Fortress
07:55 Great Hall
09:12 Orc Burrow
13:44 Great Hall
» items
| Scroll of Speed | 1 | |
| Healing Salve | 3 | |
| Scroll of Town Portal | 1 | |
5 total

»
BiO (
yellow | 55 APM | 2214 actions | 40:15)
6 Mountain King
2 Storm Bolt
3 Bash
1 Avatar
» actions
| Assign group hotkey | 6 | |
| Basic commands | 1 | |
| Build / train | 49 | |
| Enter build submenu | 28 | |
| Enter hero's abilities submenu | 6 | |
| Right click | 1772 | |
| Select / deselect | 293 | |
| Select group hotkey | 14 | |
| Use ability | 45 | |
2214 total
» units
» upgrades
| Swords | 2 | |
| Armor | 2 | |
| Storm Hammers | 1 | |
| Lumber Harvesting | 1 | |
| Masonry | 1 | |
7 total
» buildings
| Altar of Kings | 1 | |
| Farm | 8 | |
| Scout Tower | 9 | |
| Arcane Tower | 1 | |
| Lumber Mill | 2 | |
| Guard Tower | 4 | |
| Keep | 1 | |
| Blacksmith | 1 | |
| Castle | 1 | |
| Gryphon Aviary | 3 | |
| Barracks | 1 | |
| Arcane Vault | 1 | |
33 total
» build order
00:07 Altar of Kings
00:12 Farm
01:33 Scout Tower
02:14 Arcane Tower
02:35 Farm
03:12 Lumber Mill
04:35 Scout Tower
06:26 Guard Tower
09:40 Keep
10:09 Blacksmith
10:42 Farm
10:43 Farm
10:45 Farm
11:59 Scout Tower
12:01 Scout Tower
12:03 Scout Tower
12:04 Scout Tower
12:27 Castle
12:39 Guard Tower
12:48 Gryphon Aviary
12:49 Gryphon Aviary
12:53 Gryphon Aviary
13:04 Scout Tower
13:06 Scout Tower
13:11 Scout Tower
13:35 Guard Tower
13:42 Guard Tower
14:21 Barracks
15:00 Arcane Vault
16:32 Farm
16:32 Farm
16:37 Farm
23:52 Lumber Mill
» items
| Potion of Healing | 1 | |
| Lesser Clarity Potion | 1 | |
| Healing Salve | 1 | |
| Potion of Mana | 1 | |
| Orb of Fire | 1 | |
| Scroll of Town Portal | 1 | |
6 total
TheJollyBeggar (
orange | 78 APM | 3132 actions | 40:15)
7 Archmage
3 Summon Water Elemental
3 Brilliance Aura
1 Mass Teleport
» actions
| Assign group hotkey | 152 | |
| Basic commands | 118 | |
| Build / train | 180 | |
| ESC pressed | 1 | |
| Enter build submenu | 53 | |
| Enter hero's abilities submenu | 7 | |
| Give item / drop item | 13 | |
| Remove unit from queue | 1 | |
| Right click | 1047 | |
| Select / deselect | 432 | |
| Select group hotkey | 869 | |
| Use ability | 259 | |
3132 total
» units
| Peasant | 20 | |
| Footman | 6 | |
| Harpy Rogue | 2 | |
| Centaur Outrunner | 1 | |
| Razormane Medicine Man | 2 | |
| Dragonhawk Rider | 12 | |
43 total
» upgrades
| Defend | 1 | |
| Masonry | 3 | |
| Lumber Harvesting | 2 | |
| Swords | 3 | |
| Armor | 3 | |
| Backpack | 0 | |
| Animal War Training | 1 | |
| Cloud | 1 | |
| Storm Hammers | 1 | |
15 total
» buildings
| Altar of Kings | 1 | |
| Barracks | 1 | |
| Farm | 7 | |
| Arcane Vault | 1 | |
| Lumber Mill | 1 | |
| Scout Tower | 34 | |
| Guard Tower | 68 | |
| Town Hall | 3 | |
| Keep | 2 | |
| Blacksmith | 1 | |
| Castle | 4 | |
| Gryphon Aviary | 6 | |
129 total
» build order
00:47 Altar of Kings
00:51 Barracks
00:52 Farm
01:06 Farm
01:26 Arcane Vault
02:02 Farm
02:23 Lumber Mill
03:22 Farm
04:14 Scout Tower
04:15 Scout Tower
04:48 Guard Tower
05:02 Town Hall
05:05 Scout Tower
05:06 Scout Tower
05:07 Scout Tower
05:08 Scout Tower
05:09 Scout Tower
05:34 Guard Tower
05:34 Guard Tower
05:34 Guard Tower
05:38 Guard Tower
05:39 Guard Tower
05:39 Guard Tower
05:46 Guard Tower
05:46 Guard Tower
05:46 Guard Tower
05:52 Guard Tower
05:52 Guard Tower
05:52 Guard Tower
06:01 Scout Tower
06:02 Scout Tower
06:03 Scout Tower
06:04 Scout Tower
06:07 Scout Tower
06:32 Guard Tower
06:32 Guard Tower
06:32 Guard Tower
06:33 Guard Tower
06:52 Guard Tower
07:04 Guard Tower
07:04 Guard Tower
07:32 Keep
08:23 Farm
09:27 Town Hall
09:29 Scout Tower
09:30 Scout Tower
09:31 Scout Tower
09:32 Scout Tower
09:39 Blacksmith
10:55 Guard Tower
10:55 Guard Tower
10:55 Guard Tower
13:04 Castle
13:05 Castle
13:05 Castle
13:10 Gryphon Aviary
13:11 Gryphon Aviary
14:49 Farm
14:52 Farm
17:28 Scout Tower
17:31 Scout Tower
17:35 Scout Tower
17:53 Scout Tower
17:59 Guard Tower
17:59 Guard Tower
17:59 Guard Tower
17:59 Guard Tower
18:05 Guard Tower
18:05 Guard Tower
18:05 Guard Tower
18:05 Guard Tower
18:06 Guard Tower
18:06 Guard Tower
18:06 Guard Tower
18:29 Guard Tower
18:29 Guard Tower
18:29 Guard Tower
18:29 Guard Tower
19:05 Scout Tower
19:06 Scout Tower
19:10 Scout Tower
19:15 Scout Tower
19:53 Guard Tower
19:53 Guard Tower
19:54 Guard Tower
19:54 Guard Tower
19:57 Guard Tower
19:57 Guard Tower
19:58 Guard Tower
22:48 Town Hall
22:53 Scout Tower
22:54 Scout Tower
22:55 Scout Tower
22:56 Scout Tower
22:58 Scout Tower
22:59 Scout Tower
23:05 Scout Tower
23:06 Scout Tower
23:06 Scout Tower
23:08 Scout Tower
23:34 Guard Tower
24:46 Guard Tower
24:47 Guard Tower
25:22 Gryphon Aviary
25:25 Gryphon Aviary
25:29 Gryphon Aviary
25:30 Gryphon Aviary
» items
| Scroll of Regeneration | 7 | |
| Lesser Clarity Potion | 1 | |
| Mechanical Critter | 7 | |
| Scroll of Town Portal | 4 | |
| Staff of Teleportation | 1 | |
| Periapt of Vitality | 1 | |
21 total
bukkake_sIut_69 (
teal | 54 APM | 1240 actions | 23:02)
3 Blademaster
2 Wind Walk
1 Critical Strike
2 Shadow Hunter
1 Hex
1 Healing Wave
» actions
| Assign group hotkey | 33 | |
| Basic commands | 6 | |
| Build / train | 53 | |
| Enter build submenu | 27 | |
| Enter hero's abilities submenu | 5 | |
| Right click | 632 | |
| Select / deselect | 151 | |
| Select group hotkey | 263 | |
| Use ability | 70 | |
1240 total
» units
| Peon | 13 | |
| Grunt | 9 | |
| Shaman | 3 | |
| Tauren | 2 | |
27 total
» upgrades
| Berserker Strength | 1 | |
| Shaman Training | 2 | |
| Armor | 2 | |
| Melee Weapons | 1 | |
| Pillage | 1 | |
| Reinforced Defenses | 1 | |
8 total
» buildings
| Altar of Storms | 1 | |
| Orc Burrow | 7 | |
| Barracks | 1 | |
| Voodoo Lounge | 1 | |
| Stronghold | 2 | |
| War Mill | 1 | |
| Spirit Lodge | 1 | |
| Fortress | 1 | |
| Great Hall | 1 | |
| Tauren Totem | 2 | |
| Watch Tower | 6 | |
| Beastiary | 1 | |
25 total
» build order
00:08 Altar of Storms
00:17 Orc Burrow
00:40 Barracks
01:27 Voodoo Lounge
01:52 Orc Burrow
02:56 Stronghold
02:57 Stronghold
03:53 Orc Burrow
04:13 War Mill
05:39 Spirit Lodge
06:58 Orc Burrow
07:03 Fortress
08:53 Great Hall
09:46 Tauren Totem
09:57 Tauren Totem
10:51 Orc Burrow
11:59 Watch Tower
12:38 Watch Tower
12:42 Watch Tower
13:26 Beastiary
13:43 Watch Tower
13:46 Watch Tower
13:54 Watch Tower
15:11 Orc Burrow
15:13 Orc Burrow
» items
| Healing Salve | 2 | |
| Lesser Clarity Potion | 1 | |
| Scroll of Town Portal | 1 | |
4 total
Chat log
(00:20 / All) 6GOD: FUCK BRADY
(00:26 / All) 6GOD: OVERRATED
(00:32 / All) TURNCOAT: Tom Terrific gonna win another super bowl against the Packers
(00:42 / All) 6GOD: UR HIGH BRO LMAO
(00:48 / All) 6GOD: RODGERS WAY BETTER THEN BRADY
(01:04 / Allies) BiO: im gonna feed you pink so lets win
(01:04 / Allies) 6GOD: U FEEDING ME?
(01:14 / Allies) TheJollyBeggar: FEED ME
(01:16 / Allies) TheJollyBeggar: i NEED GOLD
(01:19 / Allies) TheJollyBeggar: I NEED WOOD
(01:21 / Allies) TheJollyBeggar: WOOD PLZ
(01:22 / Allies) TheJollyBeggar: GOLD PLZ
(02:02 / Allies) 6GOD: lets rush guys
(03:29 / Allies) BiO: tech
(03:30 / Allies) BiO: i got you
(03:35 / Allies) 6GOD: k
(03:46 / Allies) 6GOD: rush?
(06:13 / Allies) 6GOD: wtf
(06:47 / Allies) BiO: tech ur main lets roll
(08:12 / All) BRADY-OWNS-luck: 6god
(08:14 / All) BRADY-OWNS-luck: what does this mean
(08:35 / Allies) bukkake_sIut_69: ptom
(08:54 / All) TURNCOAT: it means try hard in swahili
(10:23 / Allies) bukkake_sIut_69: guys i think i might kill myself
(10:30 / All) 6GOD: LOL
(10:33 / Allies) BiO: thats not good
(10:55 / All) BRADY-OWNS-luck: bm sh ws there
(11:50 / Allies) 6GOD: omg
(12:02 / All) TheJollyBeggar: pink for green
(12:32 / Allies) 6GOD: FUCK
(12:39 / All) BRADY-OWNS-luck: do it
(12:40 / All) BRADY-OWNS-luck: wimps
(12:41 / All) BRADY-OWNS-luck: do it
(12:42 / Allies) BiO: reverse feed me
(12:53 / Allies) TheJollyBeggar: wood
(12:53 / Allies) TheJollyBeggar: wood
(12:58 / Allies) bukkake_sIut_69: wood
(13:03 / Allies) TheJollyBeggar: ty
(13:30 / Allies) 6GOD: gimme wood
(13:30 / All) BRADY-OWNS-luck: yes go ahead an t try to repair
(13:32 / Allies) 6GOD: for halll
(13:39 / All) 6GOD: fuck u brady sucks man
(13:46 / All) BRADY-OWNS-luck: lawl
(13:48 / All) TURNCOAT: Tom #1
(13:56 / All) 6GOD: rodgers
(13:58 / All) 6GOD: 1
(14:01 / All) TURNCOAT: Tom #1
(14:10 / All) 6GOD: brady plays in weakest division
(14:16 / All) TURNCOAT: Tom #1
(14:27 / All) BRADY-OWNS-luck: bills are for real now with rex
(14:32 / All) 6GOD: lol
(14:35 / All) 6GOD: they got him?
(14:44 / All) BRADY-OWNS-luck: how come im the only one that knows that i swear
(14:58 / All) 6GOD: its not official then
(15:02 / All) 6GOD: i heard nothing
(15:04 / All) BRADY-OWNS-luck: it is
(15:07 / All) BRADY-OWNS-luck: had press con
(15:12 / All) 6GOD: wtf
(15:17 / All) 6GOD: im checking after game
(15:18 / Allies) BiO: oj whatre you going ?
(15:24 / Allies) TheJollyBeggar: nothing since I have no wood
(15:27 / All) BRADY-OWNS-luck: goole takes 5 sec ill pause it
(15:29 / Allies) BiO: wood please
(15:39 / Allies) BiO: makes peons then
(15:40 / Allies) TheJollyBeggar: I beg of you gentlemen, I need wood
(16:02 / Allies) TheJollyBeggar: only 100? appreciated, but an insult
(16:03 / All) BRADY-OWNS-luck: ur hero tanks green
(16:20 / Allies) BiO: thats all i had
(16:33 / Allies) TheJollyBeggar: thank you gentlemen
(16:44 / Allies) 6GOD: we can win
(16:54 / All) TURNCOAT: BRADY BRADY BRADY
(17:44 / All) BRADY-OWNS-luck: also
(17:48 / All) BRADY-OWNS-luck: geno smith is he legit?
(17:55 / All) 6GOD: na
(17:58 / Allies) BiO: gg,,,
(18:02 / All) 6GOD: he sucks
(18:09 / Allies) BiO: oj wth are ou building ?
(18:12 / Allies) TheJollyBeggar: hawks
(18:20 / Allies) BiO: you got 10 k gold make more then 2 things
(18:29 / Allies) 6GOD: wow
(18:30 / Allies) 6GOD: fucking oj
(18:34 / Allies) TheJollyBeggar: what?
(18:43 / Allies) TheJollyBeggar: I don't want upkeep on my wood
(18:46 / Allies) TheJollyBeggar: I barely have enough as it is
(19:30 / Allies) BiO: cant believe you ler ur base die pink..
(21:36 / Allies) 6GOD: oj
(21:38 / Allies) 6GOD: can win this
(21:40 / Allies) 6GOD: ...
(21:46 / Allies) TheJollyBeggar: I need wood to win this
(21:50 / Allies) TheJollyBeggar: I don't want upkeep on my wood
(21:52 / Allies) TheJollyBeggar: can't go over 50 food
(21:57 / Allies) 6GOD: o
(22:04 / Allies) BiO: who cares
(22:08 / Allies) bukkake_sIut_69: maybe you could take some peons off gold and put them on wood
(22:09 / Allies) BiO: ulll feed you go over 5-
(22:17 / Allies) 6GOD: u have 900
(22:18 / Allies) 6GOD: wood
(22:27 / Allies) TheJollyBeggar: I know, that's barely enough to cover my next expansion
(22:33 / Allies) BiO: ...
(22:37 / Allies) BiO: i think oj is on their team
(22:41 / All) BRADY-OWNS-luck: REINFORCEMENTS
(22:41 / Allies) 6GOD: lol
(22:43 / All) BRADY-OWNS-luck: FOR ROME
(22:44 / Allies) TheJollyBeggar: it's just that I have no wood
(22:53 / All) BRADY-OWNS-luck: heil the legion and ceasr
(22:56 / Allies) BiO: 800 wood its plenty
(23:02 / Allies) TheJollyBeggar: n9ot after I make my next towers
(23:12 / Allies) TheJollyBeggar: wood me and we can win this guys
(23:14 / Allies) 6GOD: we lose to wyvs
(23:14 / Allies) 6GOD: fuck
(23:18 / Allies) BiO: youwer owers arent ognna do anyhtng once they cloud them..
(23:26 / Allies) TheJollyBeggar: we'd win if you noobs gave me wood
(23:43 / Allies) BiO: i gave you atleast 1500 wood
(23:46 / Allies) BiO: idk how much more oyu need
(23:53 / Allies) TheJollyBeggar: at least 1500 more
(23:55 / Allies) 6GOD: ur just trolling with towers
(24:14 / Allies) 6GOD: WTF
(24:16 / Allies) 6GOD: WAS THAT
(24:17 / Allies) TheJollyBeggar: you were attacking me
(24:18 / Allies) 6GOD: .......
(24:21 / Allies) 6GOD: I WAS USING BM
(24:21 / Allies) TheJollyBeggar: you were attacking my hall
(24:25 / Allies) 6GOD: UR FUCKED
(24:27 / Allies) TheJollyBeggar: it has 3234 hp
(24:31 / Allies) TheJollyBeggar: u were attacking my hall
(24:43 / All) TheJollyBeggar: Teal is a team killer
(24:45 / Allies) 6GOD: ill just sit back and laugh
(24:47 / Allies) 6GOD: at this
(24:50 / All) TheJollyBeggar: he attacked my hall with blademaster
(24:53 / All) TheJollyBeggar: team killer
(25:06 / All) AUDUSD: teal left already
(25:11 / All) TheJollyBeggar: Yellow is a good ally
(25:15 / All) TheJollyBeggar: built a lumber mill in my base
(25:18 / All) TheJollyBeggar: to support the wod effort
(25:34 / Allies) 6GOD: if u win oj
(25:39 / Allies) 6GOD: ill be surprised
(25:46 / All) TURNCOAT: *AFK*
(25:50 / Allies) TheJollyBeggar: I'm a professional just lacking in wood always on these maps
(26:09 / All) TURNCOAT: I'mn gonna give purple control of my stuff
(26:14 / All) TURNCOAT: I don't give a shit what he does with it
(26:26 / Allies) TheJollyBeggar: I get hawks and aerial shackle every wyv
(26:31 / All) 6GOD: k lol do it
(26:36 / All) 6GOD: all oj has is 5 hawks
(26:53 / All) TheJollyBeggar: now that's a raping
(26:53 / Allies) 6GOD: YES
(26:54 / Allies) 6GOD: YES
(26:55 / Allies) 6GOD: YES
(26:56 / Allies) 6GOD: YES
(27:01 / Allies) 6GOD: GET UR LVL MK
(27:03 / Allies) 6GOD: HIGH
(27:04 / Allies) 6GOD: WE MIGHT WIN
(27:20 / Allies) 6GOD: yo
(27:22 / Allies) 6GOD: y
(27:23 / Allies) 6GOD: yo
(27:24 / Allies) 6GOD: YELLOW
(27:24 / Allies) 6GOD: EXPO
(27:42 / Allies) TheJollyBeggar: yellow get those for me
(27:45 / Allies) 6GOD: YELLOW EXPO
(28:41 / Allies) 6GOD: U CAN DO THIS OJ
(28:47 / Allies) 6GOD: alter
(28:55 / All) 6GOD: lmao u noobs might lose
(29:04 / All) BRADY-OWNS-luck: reds afk and blue left
(29:08 / Allies) BiO: where is all there stuff ?
(29:11 / All) BRADY-OWNS-luck: i killed pink so i did my job
(29:12 / All) 6GOD: lol u serious
(29:27 / All) BRADY-OWNS-luck: in ur defense ur team really didnt aid ur base
(29:48 / Allies) 6GOD: ye llow bro
(29:51 / Allies) 6GOD: why not expo
(30:03 / Allies) BiO: no wood
(30:06 / Allies) BiO: only 2 peons
(30:08 / Allies) 6GOD: oj give him wood
(30:09 / Allies) BiO: dont want to risk it
(30:10 / Allies) 6GOD: fuck
(30:12 / Allies) 6GOD: ok
(30:38 / All) TheJollyBeggar: From where you're kneeling it must look like an 18-karat run of bad luck
(30:40 / All) TheJollyBeggar: But the truth is
(30:41 / All) 6GOD: its funny how they left thinking it was done
(30:44 / All) TheJollyBeggar: The game was rigged from the start
(30:53 / All) BRADY-OWNS-luck: it is freaking done i think we still got 2 and a half bases
(30:55 / All) TURNCOAT: It's funny how clueless you are pink
(30:58 / Allies) BiO: i knew it
(31:05 / All) 6GOD: how
(31:10 / All) 6GOD: am i clueless
(31:14 / All) 6GOD: u guys lost
(31:15 / Allies) BiO: oj is killing me
(31:17 / All) TURNCOAT: You see, orange, purple and myself are all one team
(31:27 / All) BiO: yeah i already called it
(31:28 / All) 6GOD: ?
(31:44 / All) BRADY-OWNS-luck: i have no clue wut
(32:07 / All) 6GOD: bro
(32:10 / All) 6GOD: u guys r so lame
(32:17 / All) TURNCOAT: Brady #1
(32:38 / All) BRADY-OWNS-luck: how am i lame i did nothing wrong
(33:04 / Allies) BiO: afk reddit
(33:06 / All) 6GOD: r ed thinks oj is on his team
(33:08 / All) 6GOD: lol
(33:11 / All) BRADY-OWNS-luck: where is yellow mk
(33:17 / Allies) 6GOD: whats reddit
(33:20 / Allies) 6GOD: ?
(33:21 / All) BRADY-OWNS-luck: reds been afk
(33:22 / All) TheJollyBeggar: brb
(33:23 / All) BRADY-OWNS-luck: all game
(33:29 / All) TURNCOAT: Well seeing as how we colluded from before the game began
(33:32 / All) TURNCOAT: and do this a lot
(33:35 / All) TURNCOAT: and we're 0-0
(33:41 / All) TURNCOAT: and never once attacked each other
(33:44 / All) TURNCOAT: I think that's a good bet
(33:52 / All) 6GOD: yyyyyyyyyyyt
(33:57 / All) 6GOD: okay but who wins
(33:58 / All) 6GOD: lol
(34:02 / All) TURNCOAT: No one wins
(34:07 / All) 6GOD: ?
(34:17 / All) TURNCOAT: Your internet will decide it
(34:30 / All) 6GOD: lol
(34:40 / All) 6GOD: wtf
(34:59 / Allies) BiO: oh oj is killing himself now
(35:47 / Allies) TheJollyBeggar: You were good allies
(35:53 / Allies) TheJollyBeggar: but fair is fair and you have to work in a standoff for the win
(35:55 / All) BRADY-OWNS-luck: a mexican standoff
(36:10 / All) 6GOD: d ude im so confused
(36:55 / All) 6GOD: u guys r losers
(36:58 / All) 6GOD: this is fun for u?
(37:02 / All) TURNCOAT: Yes
(37:04 / All) BiO: i htink its funny
(37:15 / All) BRADY-OWNS-luck: BEST internet connection wins
(37:27 / All) BRADY-OWNS-luck: in less than 5 min ALL units including our own will be dead
(37:32 / All) BRADY-OWNS-luck: battle of will gentlemen
(37:43 / All) BiO: oh are we gonna laghack or something ?
(37:47 / All) BiO: is that what youre going to do ?
(38:17 / All) BRADY-OWNS-luck: until victory screen
(38:44 / All) BRADY-OWNS-luck: should i leave green an archer lol
(38:51 / All) TURNCOAT: yeah
(38:52 / All) AUDUSD: lol
(38:59 / All) AUDUSD: I can help to killya
(39:00 / All) BRADY-OWNS-luck: do u have enough towers oj?
(39:03 / All) BiO: no i didnt get my mk alive
(39:06 / All) BRADY-OWNS-luck: lets leave each side with one shitty unit like an archer
(39:10 / All) BiO: he sholdt get an archer
(39:13 / All) TURNCOAT: yeah cuz archer is equiv to mk
(39:17 / All) BRADY-OWNS-luck: LOL
(39:18 / All) BRADY-OWNS-luck: REALLY
(39:23 / All) BiO: f he could micro
(39:25 / All) BiO: it would be
(39:40 / All) TheJollyBeggar: just a hawk left for me
(39:44 / All) TheJollyBeggar: kill it with bot right tower
(39:45 / All) BRADY-OWNS-luck: can u make an archer or footie
(39:47 / All) TheJollyBeggar: no
(39:48 / All) BRADY-OWNS-luck: orange
(39:53 / All) TheJollyBeggar: I could leave 'em 1 hawk
(39:58 / All) 6GOD: bro so u guys are going afk?
(39:59 / All) BRADY-OWNS-luck: is that fair?
(40:05 / All) BRADY-OWNS-luck: we are siblings
(40:09 / All) TheJollyBeggar: Good luck everyone
(40:10 / All) BRADY-OWNS-luck: i am the sister of the family
(40:11 / All) TheJollyBeggar: My side is done
(40:14 / All) TheJollyBeggar: LET IT BEGIN, LET IT BEGIN!